 Dungeon Sprint DCSS version 0.17-a0-1570-g74b7129 (webtiles) character file.

1958 tt080 the Unseen (level 9, -13/39 HPs)
             Began as a Spriggan Enchanter on July 23, 2015.
             Was a Follower of Dithmenos.
             Mangled by a red devil
             ... wielding a +2 demon trident of venom
             ... summoned by a kobold demonologist
              (17 damage)
             ... while paralysed by a giant eyeball
             ... in the Dungeon (Sprint I: "Red Sonja").
             The game lasted 00:03:12 (793 turns).

tt080 the Unseen (Spriggan Enchanter)                Turns: 793, Time: 00:03:13

Health: -13/39     AC:  3    Str:  4    XL:     9   Next: 0%
Magic:  12/23      EV:  4    Int: 19    God:    Dithmenos [*.....]
Gold:   782        SH:  0    Dex: 17    Spells: 3 memorised, 21 levels left

rFire  . . .     SeeInvis +     k - -3 dagger (curse)
rCold  . . .     Clarity  .     b - +1 robe
rNeg   . . .     SustAt   .     (shield restricted)
rPois  .         Gourm    .     (helmet restricted)
rElec  .         Spirit   .     (no cloak)
rCorr  .         Warding  .     (gloves unavailable)
rMut   .         NoTele   +     (boots unavailable)
MR     +....                    (no amulet)
Stlth  +++++++++.               (no ring)
                                (no ring)

@: paralysed, lethally poisoned (-13 -> -32), wreathed by umbra, very quick,
somewhat resistant to hostile enchantments, incredibly stealthy
A: unfitting armour, see invisible, herbivore 3, speed 3, slow metabolism 2
a: Renounce Religion


You were in the Dungeon.
You worshipped Dithmenos.
Dithmenos was aware of your devotion.
You were not hungry.

You visited 1 branch You collected 842 gold pieces.
You spent 60 gold pieces at shops.

Inventory:

Hand weapons
 a - a +1 dagger
 k - a cursed -3 dagger (weapon)
Armour
 b - a +1 robe (worn)
Scrolls
 j - a scroll of blinking
 l - a scroll of identify
Potions
 e - 3 potions of curing
 f - 2 potions of heal wounds
 g - a potion of haste
 h - 2 potions of magic
 i - a potion of degeneration {unknown}
Books
 c - a book of Maledictions

   Spells                             Type                      Level
   a - Corona                         Hexes                        1
   b - Ensorcelled Hibernation        Hexes/Ice                    2
   c - Confuse                        Hexes                        3
   d - Tukima's Dance                 Hexes                        3
   e - Dazzling Spray                 Conjuration/Hexes            3
Comestibles
 d - a bread ration


   Skills:
 + Level 8.4 Short Blades
 + Level 11.2 Dodging
 * Level 16.2 Stealth
 + Level 9.6 Spellcasting
 * Level 13.0 Hexes


You had 21 spell levels left.
You knew the following spells:

 Your Spells              Type           Power        Failure   Level  Hunger
a - Corona                Hex            ######.      1%          1    None
b - Ensorcelled Hibernat  Hex/Ice        ####..       1%          2    None
c - Confuse               Hex            ######..     1%          3    None


Dungeon Overview and Level Annotations

Branches:
Dungeon (1/1)

Altars:
Cheibriados
Dithmenos
Elyvilon
Fedhas
Gozag
Kikubaaqudgha
Makhleb
Nemelex Xobeh
Okawaru
Qazlal
Ru
Sif Muna
Trog
Vehumet
Xom
Yredelemnul
Zin
The Shining One
Jiyva

Shops:
D :(

Annotations:
D exclusion: 4 doors


Innate Abilities, Weirdness & Mutations

You are tiny and cannot use many weapons and most armour.
You have supernaturally acute eyesight.
You are a herbivore.
You cover ground extremely quickly.
You need consume almost no food.


Message History

Confirm with . or Enter, or press ? or * to list all spells.
Aiming: Ensorcelled Hibernation
Press: ? - help, Shift-Dir - straight line, f - kobold demonologist, p - red devil
Aim: a kobold demonologist, wielding a dagger and wearing a robe (umbra, chance to defeat MR: 44%)
The kobold demonologist looks drowsy...
The giant eyeball gazes at you.
You suddenly lose the ability to move!
The red devil hops backward while attacking.
The red devil hits you from afar with a demon trident of venom.
You are poisoned.
You feel sick. x2
The red devil hits you from afar with a demon trident of venom!!
Ouch! That really hurt!
* * * LOW HITPOINT WARNING * * *
You are more poisoned.
The kobold demonologist shouts!
* * * LOW HITPOINT WARNING * * *
You feel sick.
The red devil hits you from afar with a demon trident of venom!
You die...

########################
.#..'..#.)'..#__#K4'...#
.').#.)'..#..'..@.G#...#
.#####'#####'#__####...+
.####..#...#.#### ####
.#__####..##.#
.#_..__##'#..+
⌠#_.∩...'..._#
##_..._##_.#+#
#_____###'#
##########.####+###


You could see a kobold demonologist, a red devil and a giant eyeball.

Vanquished Creatures
  Sonja (D)
  A deep troll (D)
  A kobold demonologist (D)
  A slime creature (D)
  Sigmund (D)
  A yak (D)
  An ogre (D)
  A jelly (D)
  Ijyb (D)
  2 ballistomycetes (D)
  A giant spore (D)
12 creatures vanquished.

Vanquished Creatures (others)
  A giant spore (D)
1 creature vanquished.

Grand Total: 13 creatures vanquished

Notes
Turn   | Place    | Note
--------------------------------------------------------------
     0 | D        | tt080 the Spriggan Enchanter began the quest for the Orb.
     0 | D        | Reached XP level 1. HP: 9/9 MP: 5/5
     1 | D        | Noticed Ijyb
     9 | D        | Killed Ijyb
     9 | D        | Reached skill level 6 in Stealth
     9 | D        | Reached skill level 5 in Hexes
     9 | D        | Reached XP level 2. HP: 13/13 MP: 5/7
    28 | D        | Learned a level 2 spell: Ensorcelled Hibernation
    52 | D        | Noticed an ogre
    54 | D        | Killed an ogre
    54 | D        | Reached skill level 5 in Dodging
    54 | D        | Reached skill level 9 in Stealth
    54 | D        | Reached XP level 3. HP: 16/16 MP: 8/10
    54 | D        | Reached XP level 4. HP: 21/21 MP: 8/11
    80 | D        | Noticed Sigmund
    83 | D        | Killed Sigmund
    83 | D        | Reached skill level 5 in Short Blades
    83 | D        | Reached skill level 11 in Stealth
    83 | D        | Reached XP level 5. HP: 24/24 MP: 11/14
    83 | D        | Reached XP level 6. HP: 28/28 MP: 12/16
   122 | D        | Found a snail-covered altar of Cheibriados.
   122 | D        | Found a viscous altar of Jiyva.
   122 | D        | Found a shadowy altar of Dithmenos.
   122 | D        | Found a blossoming altar of Fedhas.
   122 | D        | Noticed a slime creature
   140 | D        | Killed a slime creature
   140 | D        | Reached skill level 12 in Stealth
   214 | D        | Learned a level 3 spell: Confuse
   230 | D        | Became a worshipper of Dithmenos the Shadowed
   233 | D        | Found a deep blue altar of Sif Muna.
   233 | D        | Noticed a jelly
   235 | D        | Found a radiant altar of Vehumet.
   241 | D        | Killed a jelly
   241 | D        | Reached skill level 10 in Hexes
   264 | D        | Found Zystawun's Antique Weapon Emporium.
   264 | D        | Found a white marble altar of Elyvilon.
   264 | D        | Found a stormy altar of Qazlal.
   264 | D        | Found a basalt altar of Yredelemnul.
   264 | D        | Found an iron altar of Okawaru.
   264 | D        | Found a sparkling altar of Nemelex Xobeh.
   264 | D        | Found a shimmering altar of Xom.
   264 | D        | Found an ancient bone altar of Kikubaaqudgha.
   264 | D        | Noticed a yak
   265 | D        | Found a burning altar of Makhleb.
   265 | D        | Found a sacrificial altar of Ru.
   265 | D        | Found a glowing golden altar of the Shining One.
   265 | D        | Found an opulent altar of Gozag.
   265 | D        | Found a glowing silver altar of Zin.
   266 | D        | Killed a yak
   266 | D        | Reached skill level 13 in Stealth
   266 | D        | Reached XP level 7. HP: 30/32 MP: 19/19
   267 | D        | Found a bloodstained altar of Trog.
   271 | D        | Bought a runed dagger for 60 gold pieces
   278 | D        | Noticed Sonja
   282 | D        | Killed Sonja
   282 | D        | Reached skill level 10 in Dodging
   282 | D        | Reached skill level 14 in Stealth
   282 | D        | Reached XP level 8. HP: 34/36 MP: 19/21
   299 | D        | Found Xocsutof's Book Boutique.
   739 | D        | Noticed a deep troll
   743 | D        | Killed a deep troll
   743 | D        | Reached skill level 15 in Stealth
   779 | D        | Noticed a kobold demonologist
   780 | D        | Noticed a kobold demonologist
   787 | D        | Killed a kobold demonologist
   787 | D        | Reached skill level 16 in Stealth
   787 | D        | Reached XP level 9. HP: 35/39 MP: 14/23
   790 | D        | Paralysed by a giant eyeball for 4 turns
   793 | D        | Mangled by a red devil

Vault maps used:
D:        dungeon_sprint_1

Action                   |  1- 3 |  4- 6 |  7- 9 || total
-------------------------+-------+-------+-------++-------
Melee: Dagger            |     7 |     6 |    91 ||   104
 Cast: Ensorcelled Hiber |       |     6 |     6 ||    12
  Use: Potion            |     1 |       |       ||     1
       Scroll            |       |       |     1 ||     1
 Stab: Sleeping          |     1 |     4 |     3 ||     8
